 Dungeon Crawl Stone Soup version 0.29.1-2-gbd0b4ee654 (webtiles) character file.

Game seed: 875932099393853577

299 Labrat the Conjurer (level 5, 0/38 HPs)
             Began as a Demigod Conjurer on Nov 24, 2022.
             Slain by a hobgoblin
             ... wielding a +0 rapier
              (7 damage)
             ... on level 4 of the Dungeon.
             The game lasted 00:10:04 (3644 turns).

Labrat the Conjurer (Demigod Conjurer)              Turns: 3644, Time: 00:10:04

Health: 0/38       AC:  5    Str:  8    XL:     5   Next: 89%
Magic:  1/23       EV: 12    Int: 24    God:
Gold:   154        SH:  0    Dex: 12    Spells: 5/12 levels left

rFire   . . .      SeeInvis .   s - staff of conjuration
rCold   . . .      Faith    .   (no shield)
rNeg    . . .      Spirit   .   a - +0 robe
rPois   .          Reflect  .   (no helmet)
rElec   .          Harm     .   d - +2 cloak {Stlth+}
rCorr   .          Rampage  .   (no gloves)
Will    .....                   (no boots)
Stlth   +++.......              (no amulet)
HPRegen 0.12/turn               m - ring of magical power
MPRegen 0.18/turn               (no ring)

@: no status effects
A: high MP 1, forlorn, divine attributes
a: no special abilities


You were on level 4 of the Dungeon.
You visited 1 branch of the dungeon, and saw 4 of its levels.

You collected 154 gold pieces.

Inventory:

Missiles
 k - 4 atropa-tipped darts
Armour
 a - a +0 robe (worn)
 d - a +2 cloak of stealth (worn)
Magical Staves
 s - a staff of conjuration (weapon)
Jewellery
 m - a ring of magical power (left hand)
Wands
 t - a wand of quicksilver (5)
Scrolls
 c - a scroll of enchant weapon {unknown}
 e - a scroll of acquirement {unknown}
 f - 5 scrolls of teleportation
 g - 2 scrolls of blinking {unknown}
 l - a scroll of brand weapon {unknown}
 n - a scroll of noise {unknown}
 p - a scroll of identify {unknown}
Potions
 b - a potion of magic
 h - a potion of invisibility {unknown}
 i - 3 potions of might {unknown}
 j - a potion of brilliance {unknown}
 o - 2 potions of ambrosia {unknown}
 q - a potion of attraction {unknown}
 r - 2 potions of mutation {unknown}
 u - a potion of curing {unknown}


   Skills:
 - Level 1.7 Dodging
 - Level 1.7 Stealth
 + Level 4.0 Spellcasting
 + Level 5.4 Conjurations
 + Level 0.1 Translocations


You had 5 spell levels left.
You knew the following spells:

 Your Spells              Type           Power      Damage    Failure   Level
a - Magic Dart            Conj           100%       1d8       1%          1
b - Searing Ray           Conj           92%        2d7       1%          2
c - Iskenderun's Mystic   Conj/Tloc      27%        2d7       30%         4

Your spell library contained the following spells:

 Spells                   Type           Power      Damage    Failure   Level
 Freeze                   Ice            16%        1d4       10%         1
 Dazzling Flash           Conj/Hex       52%        N/A       10%         3
 Frozen Ramparts          Ice            8%         1d2       28%         3
 Portal Projectile        Hex/Tloc       10%        N/A       28%         3
 Tukima's Dance           Hex            4%         N/A       28%         3
 Fulminant Prism          Conj/Hex       13%        3d9       32%         4
 Hailstorm                Conj/Ice       26%        3d7       32%         4
 Blade Hands              Tmut           2%         N/A       95%         5


Dungeon Overview and Level Annotations

Branches:
Dungeon (4/15)
 Temple: D:4-7

Shops:
D:3 *

Annotations:
D:4 Pikel


Innate Abilities, Weirdness & Mutations

You have an increased reservoir of magic. (+10% MP)
You shall have no god before yourself.
Your divine heritage dramatically boosts your attributes as you level up.


Message History

The phantom is severely damaged.
The phantom hits you.
The phantom blinks!
You blink.
The phantom hits you.
The phantom blinks!
You blink.
You barely miss the phantom.
The phantom is severely damaged.
The phantom misses you.
A hobgoblin comes into view. It is wielding a +0 rapier.
The hobgoblin shouts!
You hit the phantom.
The phantom is severely damaged.
The phantom barely misses you.
You hit the phantom but do no damage.
The phantom is severely damaged.
The phantom hits you but does no damage.
You hit the phantom.
The phantom is severely damaged.
The phantom barely misses you.
You hit the phantom but do no damage.
The phantom is severely damaged.
The phantom hits you. The phantom barely misses you.
You closely miss the phantom.
The phantom is severely damaged.
The phantom closely misses you.
You hit the hobgoblin but do no damage. The phantom hits you.
* * * LOW HITPOINT WARNING * * *
The hobgoblin closely misses you.
Unknown command.
Casting: Searing Ray (safe; 1% risk of failure)
Confirm with . or Enter, or press ? or * to list all spells.
Aiming: Searing Ray (safe; 1% risk of failure)
Press: ? - help, Shift-Dir - straight line, f/p - phantom
Aim: a phantom (severely damaged, 75% to hit)
You feel a surge of power!
The searing ray hits the phantom.
The phantom is severely damaged. (Press . to maintain the ray.)
The phantom barely misses you. The hobgoblin closely misses you.
The searing ray misses the phantom.
The phantom hits you.
* * * LOW HITPOINT WARNING * * *
The hobgoblin hits you with a +0 rapier!
You die...

...........# .
..............#...
....................#J..
....................'...
.......................#...
...........................
.......................#
...............g.W.....# ###
......[....)....@......#...
.......................#.#
.........................#
.......................#####
............................
....................<..###
.......................#
.......................#
.......................#


You could see a phantom and a hobgoblin.

Vanquished Creatures
  A sky beast (D:4)
  2 lemures (D:4)
  An iguana (D:4)
  An orc wizard (D:4)
  4 adders
  4 gnolls (D:3)
  4 worms
  2 dart slugs (D:3)
  4 orcs
  6 ball pythons
  5 endoplasms
  A giant cockroach (D:1)
  7 goblins
  3 hobgoblins
  5 quokkas
  6 bats
  2 frilled lizards
  8 kobolds
  2 rats (D:1)
68 creatures vanquished.

Vanquished Creatures (others)
  7 plants (D:3)
7 creatures vanquished.

Grand Total: 75 creatures vanquished

Notes
Turn   | Place    | Note
-------+----------+-------------------------------------------
     0 | D:1      | Labrat the Demigod Conjurer began the quest for the Orb.
     0 | D:1      | Reached XP level 1. HP: 14/14 MP: 5/5
   176 | D:1      | You fall into a shaft and drop 1 floor!
   200 | D:2      | Reached XP level 2. HP: 20/20 MP: 2/7
   362 | D:2      | Reached skill level 4 in Conjurations
   740 | D:2      | Reached XP level 3. HP: 26/26 MP: 6/9
   748 | D:2      | Learned a level 2 spell: Searing Ray
  2296 | D:3      | Reached XP level 4. HP: 29/33 MP: 11/11
  2479 | D:3      | Found Zajeawa's General Store.
  3068 | D:4      | Learned a level 4 spell: Iskenderun's Mystic Blast
  3071 | D:4      | Noticed a sky beast
  3136 | D:4      | Noticed Pikel
  3136 | D:4      | Noticed a lemure
  3136 | D:4      | Noticed a lemure
  3136 | D:4      | Noticed a lemure
  3136 | D:4      | Noticed a lemure
  3143 | D:3      | Reached XP level 5. HP: 5/38 MP: 13/13
  3145 | D:3      | Reached skill level 5 in Conjurations
  3478 | D:4      | Killed a sky beast
  3644 | D:4      | Slain by a hobgoblin

Illustrated notes

Levels and vault maps discovered:
D:1:      psy_arrival_conway, layout_loops_ring
D:2:      layout_basic, grunt_ministairs_4, minivault_4
D:3:      layout_loops_ring, chequers_ecumenical_altar_lobes, serial_shops,
          nicolae_shop_hallway_stairs
D:4:      layout_basic, gammafunk_temple_overflow_wave, uniq_pikel, uniq_robin

Skill      XL: |  1  2  3  4  5 |
---------------+----------------+-----
Spellcasting   | 2 3 4 |  4.0
Conjurations   | 4 5 |  5.4
Dodging        | |  1.7
Stealth        | |  1.7
Translocations | |  0.1

Action                   |  1- 3 |  4- 6 || total
-------------------------+-------+-------++-------
Melee: Staff             |       |    14 ||    14
 Cast: Magic Dart        |    85 |    32 ||   117
       Searing Ray       |     1 |    13 ||    14
       Iskenderun's Myst |       |     2 ||     2
  Use: Scroll            |       |     1 ||     1
Armor: Robe              |       |     8 ||     8
Dodge: Dodged            |     5 |    36 ||    41
